 Dungeon Crawl Stone Soup version 0.30.0-29-ga12c61a403 (webtiles) character file.

Game seed: 2107459935022254853

18108 ChiefBigBeans the Fighter (level 12, -2/91 HPs)
             Began as a Demonspawn Gladiator on June 21, 2023.
             Was an Initiate of Yredelemnul.
             Slain by an anaconda simulacrum (12 damage)
             ... in an ice cave.
             The game lasted 00:37:10 (10336 turns).

ChiefBigBeans the Fighter (Demonspawn Gladiator)   Turns: 10336, Time: 00:37:11

Health: -2/91      AC: 22    Str: 17    XL:     12   Next: 24%
Magic:  12/12      EV: 13    Int: 10    God:    Yredelemnul [......]
Gold:   1586       SH:  0    Dex: 17    Spells: 11/11 levels left

rFire   . . .        e - +7 Throatcutter {drain, coup de grace}
rCold   + . .        (no shield)
rNeg    + . .        l - +2 pearl dragon scales
rPois   .            c - +0 helmet
rElec   .            g - +0 cloak
rCorr   .            (no gloves)
SInv    .            (no boots)
Will    .....        (no amulet) Stlth
                     a - +5 ring of evasion
HPRegen 0.35/turn    n - ring of protection from cold
MPRegen 0.13/turn

%: no passive effects
@: constricted, studying Fire Magic
A: thin metallic scales 2, powered by death 2, weakness stinger 2, hooves 1,
frail 1
a: Renounce Religion, Recall Undead Harvest


You were in an ice cave.
You worshipped Yredelemnul.
Yredelemnul was noncommittal.
You visited 2 branches of the dungeon, and saw 12 of its levels.
You also visited: Ossuary, Bailey and Ice Cave.

You collected 1586 gold pieces.

Inventory:

Hand Weapons
 e - the +7 Throatcutter (weapon) {drain, coup de grace}
   (You found it on level 6 of the Dungeon)
 u - the +2 triple sword of Isarr {flame, rN+ rCorr SInv}
   (You acquired it on level 9 of the Dungeon)

   rN:        It protects you from negative energy.
   SInv:      It lets you see invisible.
   rCorr:     It protects you from acid and corrosion.
Armour
 c - a +0 helmet (worn)
 g - a +0 cloak (worn)
 l - +2 pearl dragon scales (worn)
Jewellery
 a - a +5 ring of evasion (left hand)
 j - a ring of fire
 n - a ring of protection from cold (right hand)
 q - a +6 ring of intelligence
 v - a ring of protection from fire
Wands
 f - a wand of iceblast (20)
 w - a wand of charming (6)
Scrolls
 h - 4 scrolls of identify
 k - 7 scrolls of teleportation
 y - a scroll of magic mapping
Potions
 d - 7 potions of haste
 i - 2 potions of flight
 m - 6 potions of might
 o - a potion of invisibility
 p - 2 potions of brilliance
 s - a potion of resistance
 t - a potion of curing
 z - 3 potions of cancellation
 A - a potion of magic


   Skills:
 + Level 11.9 Fighting
 - Level 5.8(8.2) Short Blades
 + Level 8.9(9.7) Long Blades
 - Level 2.6 Polearms
 - Level 1.7 Throwing
 + Level 10.8 Armour
 - Level 3.0 Dodging


You had 11 spell levels left.
You didn't know any spells.
Your spell library contained the following spells:

 Spells                   Type           Power      Damage    Failure   Level
 Magic Dart               Conj           0%         1d3       77%         1
 Call Imp                 Summ           0%         N/A       88%         2
 Mephitic Cloud           Conj/Pois/Air  0%         N/A       98%         3
 Stone Arrow              Conj/Erth      0%         3d7       98%         3
 Animate Armour           Summ/Erth      0%         N/A       100%        4
 Passage of Golubria      Tloc           0%         N/A       100%        4
 Silence                  Hex/Air        0%         N/A       100%        5
 Lehudib's Crystal Spear  Conj/Erth      0%         10d2      100%        8


Dungeon Overview and Level Annotations

Branches:
Dungeon (11/15)            Temple (1/1) D:5            Lair (0/5) D:8
    Orc (0/2) D:10        Ossuary (visited)          Bailey (visited)
  IceCv (1/1)

Altars:
Ashenzari
Cheibriados
Dithmenos
Fedhas
Gozag
Hepliaklqana
Kikubaaqudgha
Makhleb
Nemelex Xobeh
Okawaru
Qazlal
Ru
Sif Muna
Trog
Uskayaw
Vehumet
Wu Jian
Xom
Yredelemnul

Shops:
D:10 (


Innate Abilities, Weirdness & Mutations

You are mostly covered in thin metallic scales. (AC +3)
You regenerate health from kills.
You have a tail ending in a sharp stinger.
You have large cloven feet.
You are frail. (-10% HP)


Message History

* * * LOW HITPOINT WARNING * * *
The anaconda simulacrum constricts you.
* * * LOW HITPOINT WARNING * * *
The anaconda simulacrum bites you but does no damage.
The anaconda simulacrum constricts you.
* * * LOW HITPOINT WARNING * * *
The ice devil hits you.
* * * LOW HITPOINT WARNING * * *
The ice devil freezes you. You resist.
* * * LOW HITPOINT WARNING * * *
Unknown command.
Unknown command.
Blink to where?
Press: ? - help, Dir - move target You escape the anaconda simulacrum's grasp.
As you read the scroll of blinking, it crumbles to dust.
You feel better.
You feel better. The anaconda simulacrum grabs you.
The anaconda simulacrum bites you.
* * * LOW HITPOINT WARNING * * *
The anaconda simulacrum freezes you! You resist.
* * * LOW HITPOINT WARNING * * *
The anaconda simulacrum constricts you.
The anaconda simulacrum barely misses you.
The anaconda simulacrum constricts you.
You hit the anaconda simulacrum.
Your kick misses the anaconda simulacrum.
The anaconda simulacrum is moderately damaged.
The anaconda simulacrum bites you but does no damage.
The anaconda simulacrum constricts you.
The ice devil hits you but does no damage.
You slice the anaconda simulacrum!!
Your kick misses the anaconda simulacrum.
Your tail-slap misses the anaconda simulacrum.
The anaconda simulacrum is almost destroyed.
The anaconda simulacrum bites you.
* * * LOW HITPOINT WARNING * * *
The anaconda simulacrum freezes you! You resist.
You die...
Your body rises from the dead as a mindless zombie.

##...## ##...##
.......## #...##
........# ##...#
........# ##...#
........# ##...##
........## #...##
#.Z## #..## ###Z4#
##..## ###..@##
##..# ###....##
####..## ##....###
##.#....#.##
###...###
##..........#
###...###
##............#
##...###
####.............#
#...##
##...............##
#..###
##....###........##
#....## #...###
###...####


You could see an ice devil, an anaconda simulacrum and a two-headed ogre
simulacrum.

Vanquished Creatures
  Snorg (D:10)
  Josephine (D:11)
  A two-headed ogre (D:10)
  Amaemon (D:9)
  Pikel (D:6)
  The ghost of safid the Chiller, a novice MfIE (D:8)
  An orange demon (D:8)
  2 unseen horrors (D:11)
  Psyche (D:11)
  A freezing wraith (IceCv)
  A kobold demonologist (D:11)
  An ice devil (IceCv)
  2 trolls
  A water elemental (D:11)
  4 wraiths
  A shadow (D:11)
  A wyvern (D:8)
  26 yaks
  2 acid dragons
  2 water moccasins (D:7)
  2 sky beasts (D:7)
  An ice beast (D:6)
  2 black bears (D:8)
  6 orc warriors
  An ogre (D:3)
  4 centaurs
  A lemure (D:6)
  A phantom (D:6)
  9 kobold brigands
  4 bullfrogs
  A gnoll sergeant (D:10)
  2 two-headed ogre simulacra (IceCv)
  3 cane toad simulacra (IceCv)
  3 scorpions
  5 water moccasin zombies (Ossuary)
  13 wights
  4 killer bees (D:8)
  2 elephant simulacra (IceCv)
  2 electric eels (D:10)
  A howler monkey (D:5)
  A jelly (D:8)
  A gnoll bouda (D:7)
  Crazy Yiuf (D:6)
  5 hounds
  A sleepcap (D:8)
  Jessica (D:3)
  5 iguanas
  4 orc wizards
  2 polar bear simulacra (IceCv)
  A troll simulacrum (IceCv)
  2 wolf simulacra (IceCv)
  2 mummies (Ossuary)
  18 gnolls
  8 adders
  A shadow imp (D:6)
  11 white imps
  3 adder zombies (Ossuary)
  2 worms
  A dart slug (D:4)
  35 orcs
  4 ball pythons
  6 endoplasms
  A giant cockroach (D:4)
  A gnoll zombie (Ossuary)
  14 goblins
  4 hobgoblins
  5 quokkas
  3 bats
  A frilled lizard (D:3)
  7 hobgoblin zombies (Ossuary)
  22 kobolds
  5 kobold zombies (Ossuary)
  6 orc zombies (Ossuary)
  2 quokka zombies (D:8)
  2 rats
307 creatures vanquished.

Vanquished Creatures (collateral kills)
  A gargoyle (D:11)
  A freezing wraith (IceCv)
  An ice devil (IceCv)
  An anaconda simulacrum (IceCv)
  A wraith (D:11)
  3 yaks
  A centaur (D:8)
  A kobold brigand (D:11)
  2 wights
  3 electric eels
  An orc priest (D:11)
  A gnoll (Bailey)
  2 orcs
  A goblin (D:8)
  6 kobolds (D:11)
26 creatures vanquished.

Vanquished Creatures (others)
  An unseen horror zombie (D:11)
  2 spectral ice devils (IceCv)
  7 yak zombies
  A troll zombie (D:9)
  A centaur zombie (D:5)
  2 killer bee zombies (D:8)
  An acid dragon zombie (D:11)
  A spectral white imp (D:10)
  7 kobold zombies
  5 orc zombies
28 creatures vanquished.

Grand Total: 361 creatures vanquished

Notes
Turn   | Place    | Note
-------+----------+-------------------------------------------
     0 | D:1      | ChiefBigBeans the Demonspawn Gladiator began the quest for
                  | the Orb.
     0 | D:1      | Reached XP level 1. HP: 16/16 MP: 1/1
   396 | D:1      | Gained mutation: You are partially covered in thin metallic
                  | scales. (AC +2) [demonic ancestry]
   396 | D:1      | Reached XP level 2. HP: 16/22 MP: 2/2
   928 | D:2      | Reached skill level 1 in Armour
  1081 | D:2      | Gained mutation: You regenerate a little health from kills.
                  | [demonic ancestry]
  1081 | D:2      | Reached XP level 3. HP: 25/28 MP: 3/3
  1133 | D:2      | You fall into a shaft and drop 2 floors!
  1150 | D:3      | Noticed Jessica
  1155 | D:3      | Killed Jessica
  1156 | D:3      | Reached skill level 1 in Short Blades
  1161 | D:3      | Gained mutation: You have a small tail. [demonic ancestry]
  1161 | D:3      | Reached XP level 4. HP: 34/34 MP: 4/4
  1168 | D:3      | Noticed an ogre
  1195 | D:3      | Killed an ogre
  1196 | D:3      | Reached skill level 3 in Fighting
  1196 | D:3      | Reached XP level 5. HP: 41/41 MP: 5/5
  1280 | D:3      | Gained mutation: You are frail. (-10% HP) [potion of
                  | mutation]
  1280 | D:3      | Gained mutation: You have large cloven feet. [potion of
                  | mutation]
  2949 | D:5      | Entered Level 5 of the Dungeon
  2956 | D:5      | Gained mutation: You are mostly covered in thin metallic
                  | scales. (AC +3) [demonic ancestry]
  2956 | D:5      | Reached XP level 6. HP: 43/43 MP: 6/6
  2966 | D:5      | Reached skill level 4 in Fighting
  2997 | D:5      | Found a staircase to the Ecumenical Temple.
  3073 | D:5      | Found an opulent altar of Gozag.
  3094 | Temple   | Entered the Ecumenical Temple
  3305 | Temple   | Became a worshipper of Yredelemnul the Dark
  3347 | D:5      | Reached * piety under Yredelemnul
  3399 | D:5      | Reached XP level 7. HP: 44/49 MP: 7/7
  3454 | D:5      | Reached ** piety under Yredelemnul
  3782 | D:6      | Noticed Pikel
  3820 | D:6      | Killed Pikel
  3821 | D:6      | Reached skill level 5 in Fighting
  3821 | D:6      | Reached XP level 8. HP: 57/57 MP: 8/8
  3922 | D:6      | Found a radiant altar of Vehumet.
  3999 | D:6      | Reached skill level 5 in Armour
  4015 | D:6      | Reached skill level 6 in Fighting
  4034 | D:6      | Reached skill level 5 in Short Blades
  4373 | D:6      | Found a runed translucent door.
  4374 | D:6      | Noticed Crazy Yiuf
  4430 | D:6      | Found the +7 Throatcutter {drain, coup de grace}
  4473 | D:6      | Reached *** piety under Yredelemnul
  4783 | D:6      | Killed Crazy Yiuf
  4841 | D:7      | Reached skill level 7 in Fighting
  4841 | D:7      | Gained mutation: You have a tail ending in a sharp stinger.
                  | [demonic ancestry]
  4841 | D:7      | Reached XP level 9. HP: 64/64 MP: 9/9
  4846 | D:7      | Reached skill level 1 in Long Blades
  5065 | D:7      | Found a blossoming altar of Fedhas.
  5643 | D:8      | Found a sand-covered staircase.
  5652 | Ossuary  | Entered an ossuary
  5898 | Ossuary  | Reached skill level 8 in Fighting
  6067 | D:8      | Found a flagged portal.
  6081 | Bailey   | Entered a bailey
  6436 | D:8      | Reached XP level 10. HP: 68/73 MP: 10/10
  6459 | D:8      | Found a staircase to the Lair.
  6624 | D:8      | Found a runed translucent door.
  6627 | D:8      | Noticed safid's ghost (novice MfIE)
  6645 | D:8      | Found an iron altar of Okawaru.
  6707 | D:8      | Killed safid's ghost
  6832 | D:8      | Reached skill level 9 in Fighting
  6982 | D:9      | Identified 2 scrolls of acquirement
  6982 | D:9      | Acquired the +2 triple sword of Isarr {flame, rN+ rCorr
                  | SInv}
  6990 | D:9      | Acquired 910 gold pieces
  7042 | D:9      | Reached skill level 5 in Long Blades
  7243 | D:9      | Noticed Amaemon
  7243 | D:9      | Noticed an orange demon
  7609 | D:8      | Reached skill level 10 in Fighting
  7622 | D:8      | Killed an orange demon
  7688 | D:8      | Gained mutation: You regenerate health from kills. [demonic
                  | ancestry]
  7688 | D:8      | Reached XP level 11. HP: 63/81 MP: 11/11
  7701 | D:9      | Killed Amaemon
  7986 | D:9      | Found a sparkling altar of Nemelex Xobeh.
  8002 | D:9      | Found a hazy altar of Hepliaklqana.
  8225 | D:10     | Entered Level 10 of the Dungeon
  8255 | D:10     | Found an ancient bone altar of Kikubaaqudgha.
  8605 | D:10     | Noticed a two-headed ogre
  8612 | D:10     | Killed a two-headed ogre
  8625 | D:10     | Reached **** piety under Yredelemnul
  8688 | D:10     | Found Volyth's Weapon Shop.
  8690 | D:10     | Found a staircase to the Orcish Mines.
  8940 | D:10     | Found a bloodstained altar of Trog.
  9217 | D:11     | Reached skill level 11 in Fighting
  9235 | D:11     | Reached skill level 10 in Armour
  9276 | D:11     | Noticed Snorg
  9304 | D:11     | Noticed Psyche
  9310 | D:10     | Killed Snorg
  9368 | D:11     | Noticed Josephine
  9378 | D:11     | Killed Josephine
  9448 | D:11     | Reached XP level 12. HP: 33/90 MP: 12/12
  9469 | D:11     | Killed Psyche
  9780 | D:11     | Found a frozen archway.
  9798 | IceCv    | Entered an ice cave
 10336 | IceCv    | Slain by an anaconda simulacrum

Illustrated notes

Levels and vault maps discovered:
D:1:      amcnicky_arrival_wind_blow, layout_loops_ring,
          hangedman_decor_clover_reticule, serial_bayou_pond_e, minivault_24
D:2:      layout_loops_ring, chequers_jeans
D:3:      layout_basic, uniq_jessica
D:4:      layout_gridville, minmay_increasing_density
D:5:      layout_basic, kennysheep_mini, temple_fountains, minmay_manual_mares
D:6:      layout_basic, nicolae_vehumet_radiance,
          dilly_guarded_unrand_throatcut, uniq_pikel, uniq_crazy_yiuf_cottage
D:7:      layout_basic, fedhas_altar_3
D:8:      layout_rooms, nicolae_tso_swordbearing_angel,
          okawaru_metal_pillars_1_2, dpeg_oklobed_lair, enter_bailey_5,
          hellmonk_ghost_happy_afterlife, enter_ossuary_4
D:9:      layout_cave_pools, lemuel_tele_altar, lemuel_crystal_altar,
          uniq_amaemon
D:10:     layout_basic, kennysheep_mini_moat, trog_butcher_becter, orc_david_3
D:11:     layout_irregular_city, portal_ice_cave_entry_imps, serial_bayou,
          serial_bayou_pond_a, serial_bayou_crossing, serial_bayou_ford_a,
          serial_bayou_shore_a, serial_bayou_lake_a, minmay_stone_trees_small,
          uniq_psyche, uniq_erica, uniq_snorg, uniq_josephine
Temple:   hellmonk_temple_forest_ring
IceCv:    ice_cave_small_necro

Skill      XL: |  1  2  3  4  5  6  7  8  9 10 11 |
---------------+----------------------------------+-----
Dodging        | 3 |  3.0
Armour         | 1 2 3 4 6 7 9 10 | 10.8
Short Blades   | 1 2 3 4 5 |  5.8
Fighting       | 3 4 5 7 8 10 11 | 11.9
Long Blades    | 4 6 8 |  8.9
Polearms       | |  2.6
Throwing       | |  1.7

Action                     |  1- 3 |  4- 6 |  7- 9 | 10-12 || total
---------------------------+-------+-------+-------+-------++-------
  Melee: Trident           |    38 |       |       |       ||    38
         Short sword       |    50 |   135 |   124 |       ||   309
         Punch             |     1 |       |     9 |     2 ||    12
         Tailslap          |       |    22 |    39 |    88 ||   149
         Kick              |       |    43 |    78 |   151 ||   272
         Long sword        |       |       |   178 |    81 ||   259
         Triple sword      |       |       |       |   365 ||   365
    Use: Scroll            |     6 |     4 |    11 |    10 ||    31
         Potion            |       |     2 |     2 |    17 ||    21
   Stab: Sleeping          |     1 |       |       |       ||     1
         Distracted        |       |       |     1 |     3 ||     4
 Armour: Leather armour    |    15 |       |       |       ||    15
         Pearl dragon scal |    11 |    51 |   113 |   400 ||   575
  Dodge: Dodged            |    43 |    82 |   241 |   639 ||  1005
